 Dungeon Crawl Stone Soup version 0.20-a0-32-gb8e7c72 (webtiles) character file.

66 Khazard the Slasher (level 4, -12/29 HPs)
             Began as a Halfling Warper on Nov 8, 2016.
             Mangled by Sigmund
             ... wielding a +0 scythe
              (13 damage)
             ... on level 2 of the Dungeon.
             The game lasted 00:01:24 (1512 turns).

Khazard the Slasher (Halfling Warper)               Turns: 1512, Time: 00:01:24

Health: -12/29     AC:  7    Str: 10 (13) XL:     4   Next: 37%
Magic:  6/6        EV: 13    Int: 13 (16) God:
Gold:   123        SH:  0    Dex: 12 (13) Spells: 2 memorised, 2 levels left

rFire  . . .     SeeInvis .     a - +0 falchion
rCold  . . .     Gourm    .     h - +0 ring mail
rNeg   . . .     Faith    .     (shield restricted)
rPois  .         Spirit   .     (no helmet)
rElec  .         Reflect  .     (no cloak)
rCorr  .         Harm     .     (no gloves)
MR     .....                    g - +1 pair of boots
Stlth  +.........               (no amulet)
                                (no ring)
                                (no ring)

@: brilliant
A: mutation resistance 1
a: no special abilities


You were on level 2 of the Dungeon.
You were not hungry.

You visited 1 branch of the dungeon, and saw 2 of its levels.

You collected 123 gold pieces.

Inventory:

Hand Weapons
 a - a +0 falchion (weapon)
Armour
 b - a +0 leather armour
 g - a +1 pair of boots (worn)
 h - a +0 ring mail (worn)
Jewellery
 n - an uncursed amulet of regeneration {unknown}
Scrolls
 d - a scroll of blinking
 f - 3 scrolls of identify {unknown}
 m - a scroll of fog {unknown}
 p - a scroll of random uselessness {unknown}
Books
 c - a book of Spatial Translocations

   Spells                             Type                      Level
   a - Blink                          Translocation                2
   b - Shroud of Golubria             Charms/Translocation         2
   c - Lesser Beckoning               Translocation                3
   d - Portal Projectile              Translocation                3
   e - Teleport Other                 Translocation                3
   f - Passage of Golubria            Translocation                4
Comestibles
 j - 2 meat rations


   Skills:
 - Level 1.7 Fighting
 + Level 4.3 Long Blades
 - Level 1.0 Throwing
 - Level 1.1 Armour
 - Level 2.1 Dodging
 - Level 1.5 Spellcasting
 - Level 3.2 Translocations


You had 2 spell levels left.
You knew the following spells:

 Your Spells              Type           Power        Failure   Level  Hunger
b - Blink                 Tloc           N/A          3%          2    ###....
c - Shroud of Golubria    Chrm/Tloc      ##........   8%          2    ###....


Dungeon Overview and Level Annotations

Branches:
Dungeon (2/15)

Altars:

Annotations:
D:2 Sigmund


Innate Abilities, Weirdness & Mutations

You are small and have problems with some larger weapons.
You are somewhat resistant to further mutation.


Message History

You closely miss something.
You hear some strange, mumbled words.
You are confused.
You hit something.
You hear some strange, mumbled words.
A magic dart appears from out of thin air!
The magic dart hits you!
* * * LOW HITPOINT WARNING * * *
Something barely misses you.
You aren't carrying any potions.
You hear some strange, mumbled words.
Something tries to affect you, but you resist.
You miss something. Something hits you!
* * * LOW HITPOINT WARNING * * *
You completely miss something.
You feel less confused.
You hear some strange, mumbled words.
Something tries to affect you, but you resist.
You hit something. Something hits you!
You die...

..# #.##.# #.#
#.##.# #.# #.##.#
#.#####.# .# ###
....)...# #.. #
#.####### ###.#
##. #.# ...# ...
#.# #.###.# #.#
#######.@.(.##.#
#..
........{.......
###
.#######.#####.#
#.# .##. #.#
#.##.# #.# #.##.#
#.# #.##.# #.#
#.##.# #####
#.#####.##.###....


There were no monsters in sight!

Vanquished Creatures
  Jessica (D:2)
  3 dart slugs
  5 hobgoblins
  4 jackals
  3 kobolds
  5 bats
  4 frilled lizards
  5 goblins
  2 rats (D:1)
32 creatures vanquished.

Notes
Turn   | Place    | Note
-------+----------+-------------------------------------------
     0 | D:1      | Khazard the Halfling Warper began the quest for the Orb.
     0 | D:1      | Reached XP level 1. HP: 14/14 MP: 3/3
   132 | D:1      | Reached XP level 2. HP: 11/19 MP: 4/4
   304 | D:1      | Reached skill level 3 in Long Blades
   379 | D:1      | Reached XP level 3. HP: 22/24 MP: 5/5
   847 | D:2      | Noticed Jessica
   859 | D:2      | Killed Jessica
   859 | D:2      | Reached skill level 4 in Long Blades
   859 | D:2      | Reached XP level 4. HP: 9/29 MP: 6/6
  1324 | D:2      | Learned a level 2 spell: Blink
  1327 | D:2      | Learned a level 2 spell: Shroud of Golubria
  1466 | D:2      | Noticed Sigmund
  1510 | D:2      | HP: 1/29 [something (7)]
  1512 | D:2      | Mangled by Sigmund

Vault maps used:
D:1:      dpeg_arrival_stone_temple_mockup, serial_forest,
          infiniplex_forest_corner_1, infiniplex_forest_straight_3,
          infiniplex_forest_straight_4, infiniplex_forest_lined_ring
D:2:      uniq_jessica, uniq_sigmund

Skill      XL: |  1  2  3 |
---------------+----------+-----
Long Blades    | 3 4 |  4.3
Fighting       | |  1.7
Throwing       | |  1.0
Armour         | |  1.1
Dodging        | |  2.1
Spellcasting   | |  1.5
Translocations | |  3.2

Action                   |  1- 3 |  4- 6 || total
-------------------------+-------+-------++-------
Melee: Falchion          |    63 |    67 ||   130
Throw: Tomahawk          |       |     5 ||     5
  Use: Potion            |       |     4 ||     4
       Scroll            |       |     1 ||     1
  Eat: Bread ration      |       |     1 ||     1
       Chunk             |       |     1 ||     1
Armor: Ring mail         |    23 |    18 ||    41
       Skin              |       |     4 ||     4
Dodge: Dodged            |    48 |    41 ||    89
       Rpst.: Falchion   |    15 |    10 ||    25
